 Dungeon Crawl Stone Soup version 0.23-a0-767-gdc19b93d68 (webtiles) character file.

540009 IronSnek the Slayer (level 25, -11/254 (256) HPs)
             Began as a Naga Wizard on Jan 20, 2019.
             Was a High Priest of Cheibriados.
             Killed from afar by a hell knight (21 damage)
             ... with a bolt of fire
             ... on level 3 of the Depths on Jan 21, 2019.
             The game lasted 04:30:05 (67618 turns).

IronSnek the Slayer (Naga Wizard)                  Turns: 67618, Time: 04:30:05

HP:   -11/254 (256) AC: 29    Str: 18    XL:     25   Next: 95%
MP:   5/63          EV: 15    Int: 62    God:    Cheibriados [*****.]
Gold: 2300          SH: 25    Dex: 21    Spells: 3/61 levels left

rFire    . . .     SeeInvis +   a - +10 trident of Sulphur {pierce, Int+7 Dex-5 Stlth+}
rCold    . . .     Gourm    .   N - +0 large shield {AC+3}
rNeg     . . .     Faith    .   f - +1 leather armour "Sure" {rElec MR+ Str-3 Int+5} (curse)
rPois    +         Spirit   .   P - +2 helmet {Int+3}
rElec    +         Reflect  +   M - +2 cloak
rCorr    .         Harm     .   R - +2 pair of gloves
MR       ++...                  w - +0 naga barding
Stlth    ++++++++..             K - amulet "Uqienweaz" {Reflect *Slow Str+3 Int+4 SH+5}
HPRegen  0.52/turn              G - ring of magical power
MPRegen  0.38/turn              V - ring of Temptation {rPois MR+ MP+9 Str-5 Int+2}

@: lethally poisoned (-11 -> -12), about to teleport, vulnerable, very slow
A: large, see invisible, deformed body, poison resistance, slowness 2, slow
metabolism 1, spit poison 1, weak 1, constrict 1, AC +8
}: 3/15 runes: serpentine, barnacled, slimy
a: Spit Poison, Bend Time, Temporal Distortion, Slouch, Step From Time, Renounce
Religion


You were on level 3 of the Depths.
You worshipped Cheibriados.
Cheibriados was extremely pleased with you.
You were very hungry.

You visited 10 branches of the dungeon, and saw 47 of its levels.
You visited 1 bazaar.
You also visited: Sewer, Ice Cave and Wizlab.

You collected 5389 gold pieces.
You spent 3089 gold pieces at shops.

Inventory:

Hand Weapons
 a - the +10 trident of Sulphur (weapon) {pierce, Int+7 Dex-5 Stlth+}
   (You found it on level 5 of the Pits of Slime)

   It inflicts extra damage upon your enemies.
   It affects your intelligence (+7).
   It affects your dexterity (-5).
   It makes you more stealthy.
Missiles
 L - 3 throwing nets (quivered)
Armour
 f - the cursed +1 leather armour "Sure" (worn) {rElec MR+ Str-3 Int+5}
   (You found it on level 2 of the Depths)

   It affects your strength (-3).
   It affects your intelligence (+5).
   It insulates you from electricity.
   It affects your resistance to hostile enchantments.
   It has a curse placed upon it.
 w - a +0 naga barding (worn)
 M - a +2 cloak (worn)
 N - a +0 large shield of protection (worn)
 P - a +2 helmet of intelligence (worn)
 R - a +2 pair of gloves (worn)
Jewellery
 t - an uncursed ring of positive energy
 G - a ring of magical power (left hand)
 K - the amulet "Uqienweaz" (around neck) {Reflect *Slow Str+3 Int+4 SH+5}
   (You found it in a wizard's laboratory)

   [amulet of reflection]

   It shields you and reflects attacks.
   It affects your strength (+3).
   It affects your intelligence (+4).
   It may slow you when you take damage.
   It affects your SH (+5).
 V - the ring of Temptation (right hand) {rPois MR+ MP+9 Str-5 Int+2}
   (You found it on level 1 of the Shoals)

   [ring of magical power]

   It affects your strength (-5).
   It affects your intelligence (+2).
   It protects you from poison.
   It affects your resistance to hostile enchantments.
   It affects your magic capacity (+9).
 Y - an uncursed ring of protection from cold
Wands
 h - a wand of digging (3)
 j - a wand of acid (33)
 r - a wand of iceblast (16)
Scrolls
 b - 2 scrolls of silence {unknown}
 e - 18 scrolls of remove curse
 g - 11 scrolls of amnesia
 i - 6 scrolls of identify
 k - a scroll of enchant weapon
 p - 4 scrolls of summoning
 q - 5 scrolls of blinking
 s - 8 scrolls of immolation
 v - 15 scrolls of teleportation
 y - 6 scrolls of fear
 B - 10 scrolls of magic mapping
 F - 2 scrolls of brand weapon
 S - 4 scrolls of enchant armour
Potions
 c - 20 potions of mutation
 l - 23 potions of curing
 m - 10 potions of haste
 n - 8 potions of agility
 u - 14 potions of heal wounds
 x - 7 potions of flight
 z - 7 potions of resistance
 C - 10 potions of brilliance
 D - 5 potions of ambrosia
 H - 4 potions of magic
 I - 4 potions of might
 J - a potion of invisibility
 O - a potion of cancellation
Miscellaneous
 E - 2 phantom mirrors
Comestibles
 d - 67 rations


   Skills:
 + Level 21.1 Fighting
   Level 3.0 Short Blades
 - Level 7.0 Armour
 - Level 10.1 Dodging
 + Level 17.8 Stealth
 - Level 15.0 Shields
 + Level 18.5 Spellcasting
 + Level 11.8 Conjurations
 - Level 8.0 Charms
 + Level 7.8 Summonings
 - Level 8.0 Necromancy
 - Level 2.0 Translocations
   Level 1.0 Fire Magic
 - Level 8.0 Air Magic
 - Level 8.0 Earth Magic
   Level 4.0 Poison Magic
 - Level 12.0 Invocations


You had 3 spell levels left.
You knew the following spells:

 Your Spells              Type           Power        Failure   Level  Hunger
a - Iron Shot             Conj/Erth      ########..   1%          6    None
b - Blink                 Tloc           N/A          1%          2    None
c - Borgnjor's Vile Clut  Necr/Erth      ########..   1%          5    None
d - Spellforged Servitor  Conj/Summ      ########..   2%          7    None
e - Bolt of Draining      Conj/Necr      ########..   1%          5    None
f - Dispel Undead         Necr           ########     1%          5    None
g - Sublimation of Blood  Necr           ########..   0%          2    None
h - Regeneration          Chrm/Necr      ########..   1%          3    None
i - Silence               Hex/Air        #######...   1%          5    None
j - Deflect Missiles      Chrm/Air       ########..   1%          6    None
k - Summon Mana Viper     Hex/Summ       #######.     1%          5    None
l - Orb of Destruction    Conj           ########..   1%          7    None

Your spell library contained the following spells:

 Spells                   Type           Power        Failure   Level  Hunger
 Infusion                 Chrm           ####         0%          1    None
 Magic Dart               Conj           ####         0%          1    None
 Sandblast                Erth           ######       0%          1    None
 Summon Small Mammal      Summ           ####         0%          1    None
 Call Imp                 Summ           ########     0%          2    None
 Corpse Rot               Necr           N/A          0%          2    None
 Song of Slaying          Chrm           ########     0%          2    None
 Swiftness                Chrm/Air       ########     0%          2    None
 Stone Arrow              Conj/Erth      ######       0%          3    None
 Beastly Appendage        Tmut           ######       1%          1    None
 Confusing Touch          Hex            ######       1%          1    None
 Corona                   Hex            ######.      1%          1    None
 Freeze                   Ice            ####         1%          1    None
 Passwall                 Tmut/Erth      #######.     1%          2    None
 Poisonous Vapours        Pois/Air       ######       1%          2    None
 Shroud of Golubria       Chrm/Tloc      #######...   1%          2    None
 Slow                     Hex            ######..     1%          2    None
 Throw Frost              Conj/Ice       ######       1%          2    None
 Call Canine Familiar     Summ           ########     1%          3    None
 Confuse                  Hex            ######..     1%          3    None
 Conjure Flame            Conj/Fire      #######.     1%          3    None
 Gell's Gravitas          Tloc           ######....   1%          3    None
 Inner Flame              Hex/Fire       ######..     1%          3    None
 Mephitic Cloud           Conj/Pois/Air  ########     1%          3    None
 Portal Projectile        Hex/Tloc       ######       1%          3    None
 Recall                   Summ/Tloc      N/A          1%          3    None
 Spectral Weapon          Hex/Chrm       #######.     1%          3    None
 Spider Form              Tmut/Pois      ######....   1%          3    None
 Summon Guardian Golem    Hex/Summ       #######.     1%          3    None
 Vampiric Draining        Necr           ########..   1%          3    None
 Cause Fear               Hex            ######....   1%          4    None
 Force Lance              Conj/Tloc      #######.     1%          4    None
 Ice Form                 Ice/Tmut       ######..     1%          4    None
 Leda's Liquefaction      Hex/Erth       #######...   1%          4    None
 Passage of Golubria      Tloc           N/A          1%          4    None
 Petrify                  Tmut/Erth      #######.     1%          4    None
 Sticky Flame             Conj/Fire      #######.     1%          4    None
 Summon Ice Beast         Ice/Summ       #######.     1%          4    None
 Summon Lightning Spire   Summ/Air       ########     1%          4    None
 Agony                    Necr           ########     1%          5    None
 Aura of Abjuration       Summ           ########..   1%          5    None
 Bolt of Magma            Conj/Fire/Erth #######...   1%          5    None
 Excruciating Wounds      Chrm/Necr      ########..   1%          5    None
 Irradiate                Conj/Tmut      #######...   1%          5    None
 Iskenderun's Battlesphe  Conj/Chrm      ########     1%          5    None
 Lee's Rapid Deconstruct  Erth           ########..   1%          5    None
 Summon Demon             Summ           ########..   1%          5    None
 Summon Forest            Summ/Tloc      #######...   1%          5    None
 Venom Bolt               Conj/Pois      ########..   1%          5    None
 Shadow Creatures         Summ           N/A          1%          6    None
 Bolt of Cold             Conj/Ice       #######...   2%          6    None
 Blade Hands              Tmut           ######....   5%          5    None
 Metabolic Englaciation   Hex/Ice        ######....   5%          5    None
 Yara's Violent Unravell  Hex/Tmut       ######....   5%          5    None
 Statue Form              Tmut/Erth      #######..    5%          6    None
 Summon Hydra             Summ           ########..   6%          7    None
 Dispersal                Tloc           ######....   12%         6    None
 Ring of Flames           Chrm/Fire      #######...   26%         7    None
 Darkness                 Hex            ######....   28%         6    None
 Hydra Form               Tmut           ######....   28%         6    None
 Invisibility             Hex            ######..     28%         6    None
 Dragon Form              Tmut           ######....   85%         7    None
 Controlled Blink         Tloc           N/A          99%         8    None
 Disjunction              Tloc           ######....   99%         8    None
 Discord                  Hex            ######....   100%        8    None
 Ignition                 Fire           ######....   100%        8    None


Dungeon Overview and Level Annotations

Branches:
Dungeon (15/15)            Temple (1/1) D:6            Lair (6/6) D:11
 Shoals (4/4) Lair:3        Snake (4/4) Lair:3        Slime (5/5) Lair:6
    Orc (2/2) D:12            Elf (3/3) Orc:2        Vaults (4/5) D:13
  Crypt (0/3) Vaults:2     Depths (3/5) D:15

Altars:
Ashenzari
Cheibriados
Kikubaaqudgha
Nemelex Xobeh
Okawaru
Qazlal
Sif Muna
Trog
Uskayaw
Vehumet
Xom
Zin
Beogh
Jiyva

Shops:
D:5 }   Orc:1 =   Orc:2 (([(:?=   Elf:1 **   Elf:2 }   Elf:3 [!(*   Shoals:3 [
Vaults:2 *%[!

Portals:
Hell: Depths:1 Depths:2 Depths:3
Abyss: Depths:1
Pandemonium: Depths:1 Depths:3

Annotations:
D:14 1 runed door, Kristarius's ghost, journeyman GrEE
D:15 exclusion: Roxanne, Roxanne
Lair:5 1 runed door, Meonost's ghost, journeyman FoFi
Shoals:4 1 runed door
Snake:2 2 transporters, Piabrimm's ghost, adept OgTm
Elf:2 3 runed doors
Depths:2 1 runed door, exclusion: downstairs


Innate Abilities, Weirdness & Mutations

You cannot wear boots.
Your serpentine skin is tough. (AC +8)
You have supernaturally acute eyesight. (SInv)
Armour fits poorly on your strangely shaped body.
Your system is resistant to poisons. (rPois)
You cover ground very slowly.
You have a slow metabolism.
You can spit poison.
You can use your snake-like lower body to constrict enemies.
You are weak. (Str -2)


Message History

Confirm with . or Enter, or press ? or * to list all spells.
You blink.
The golden dragon is engulfed in freezing vapours.
You block the hell knight's attack.
Found 8 needles of confusion, a runed scimitar and a dagger.
Unknown command.
Casting: Blink (safe; 1% risk of failure)
Confirm with . or Enter, or press ? or * to list all spells.
You don't have enough magic to cast that spell.
You feel sick. The golden dragon breathes fire at you.
The bolt of fire misses the hell knight.
The bolt of fire hits the hell knight.
The hell knight completely resists.
The bolt of fire hits you!
* * * LOW HITPOINT WARNING * * *
You block the hell knight's attack.
The hell knight gestures at you while chanting.
The bolt of fire hits the hell knight.
The hell knight completely resists.
The bolt of fire hits you!
You die...

....'#.≈...###...##...###.....##.
##..'..§..##.....''.....##....(#.
#..##...=###...8.''.)...###.(..##
8..#....###''....##....)'###....#
#.###'..#..)'##########''..#..###
..#..'###...###......###÷..####..
..#....'....##........##÷...#....
..#.)..'[(..Z..Z.))....#....#....
#§§≈.#..°))Dpp@|?(...#....#.#..
#§≈8.##['##..$[∩)....##''##..#.
#§§..##''##..?(>>.)..##''##..#.
#.)≈.#...[#...[=))...#....#.#..
#...§'..8.#....)"....#.⌠..#....
#....'....##........##....#.[..
#..'###...###......###...###'..
###'..#..############''..#..'##
...#....#####...)##....''###....#


You could see a golden dragon, 2 hell knights, a titan simulacrum and a hell
knight simulacrum.

Vanquished Creatures
  the Royal Jelly (Slime:5)
  Mara (Vaults:4)
  An ancient lich (Depths:3)
  A juggernaut (Depths:3)
  Sojobo (Depths:3)
  Margery (Vaults:3)
  Vashnia (Snake:3)
  Saint Roka (Vaults:3)
  Xtahua (Vaults:4)
  3 golden dragons (Depths:3)
  A mutant beast (WizLab)
  2 liches
  Asterion (Snake:3)
  2 titans (Depths:3)
  2 deep elf blademasters (Elf:3)
  A quicksilver dragon (Depths:3)
  8 acid blobs (Slime:5)
  Frances (D:13)
  2 deep elf master archers (Elf:3)
  Gastronok (Lair:1)
  4 tengu reavers
  Kirke (D:13)
  2 sphinxes
  A storm dragon (Vaults:2)
  12 nagarajas
  Ilsuiw (Shoals:2)
  12 azure jellies
  5 deep elf sorcerers
  3 fire giants
  13 vault wardens
  3 frost giants
  2 orc warlords
  A ghoul (Vaults:4)
  4 deep elf elementalists (Elf:3)
  2 spriggan defenders (Depths:3)
  6 very ugly things
  9 ironheart preservers
  A vampire knight (Depths:2)
  8 stone giants
  7 deep elf demonologists
  2 spark wasps (Depths:3)
  7 deep elf annihilators
  2 merfolk javelineers
  10 death oozes
  8 deep elf death magi
  11 merfolk impalers
  8 ettins
  2 jiangshi (Depths:3)
  10 yaktaur captains
  6 fire dragons
  2 deep elf high priests
  11 ogre magi
  10 great orbs of eyes
  16 naga warriors
  8 hydras
  3 satyrs
  7 centaur warriors
  9 vault guards
  A spriggan air mage (Depths:3)
  11 ice dragons
  A catoblepas (D:10)
  6 merfolk aquamancers
  2 merfolk avatars (Shoals:4)
  Erica (D:9)
  20 anacondas
  6 death yaks
  9 dancing weapons
  A two-headed ogre (shapeshifter) (WizLab)
  6 death knights
  An orc high priest (Orc:2)
  6 alligator snapping turtles
  4 deep troll shamans
  2 deep troll earth magi
  38 two-headed ogres
  4 spriggan berserkers (Depths:3)
  5 tengu warriors
  2 vampire magi
  14 naga sharpshooters
  An iron golem (WizLab)
  12 deep elf knights
  Sonja (Lair:1)
  4 shock serpents
  4 spriggans (Depths:3)
  Nergalle (Lair:1)
  3 shadow wraiths (Vaults:4)
  10 skeletal warriors
  6 hell knights
  3 fire crabs (shapeshifter)
  A salamander mystic (Snake:3)
  7 sea snakes
  An unseen horror (shapeshifter) (WizLab)
  A swamp dragon (shapeshifter) (WizLab)
  5 iron trolls
  A golden dragon skeleton (Depths:3)
  2 flayed ghosts (Vaults:4)
  An unseen horror (D:10)
  A storm dragon skeleton (Depths:3)
  15 naga ritualists
  A swamp dragon (Lair:6)
  6 wizards
  22 deep trolls
  13 ironbrand convokers
  3 lindwurms (Lair:6)
  11 mana vipers
  A harpy (shapeshifter) (WizLab)
  12 necromancers
  A phantasmal warrior (Vaults:4)
  4 tengu zombies
  23 deep elf archers
  11 orc knights
  22 harpies
  52 deep elf magi
  13 fauns
  A frost giant zombie (Depths:3)
  4 shining eyes
  68 ugly things
  6 cyclopes
  5 orc sorcerers
  A salamander (shapeshifter) (Depths:3)
  3 wolf spiders
  18 salamanders
  A stone giant skeleton (Vaults:3)
  10 water nymphs
  10 manticores
  A moth of wrath (shapeshifter) (WizLab)
  An elephant (shapeshifter) (WizLab)
  2 centaur zombies
  16 guardian serpents
  9 merfolk sirens
  A black mamba (shapeshifter) (WizLab)
  A frost giant skeleton (Vaults:3)
  19 naga magi
  7 vault sentinels
  2 ice statues
  58 black mambas
  12 spiny frogs
  5 torpor snails (Lair:6)
  A gargoyle (D:14)
  5 eyes of devastation
  Psyche (D:8)
  A kobold demonologist (D:14)
  A yaktaur (shapeshifter) (Depths:3)
  4 komodo dragons
  A human zombie (Vaults:4)
  2 rime drakes
  6 freezing wraiths
  2 komodo dragons (shapeshifter) (WizLab)
  61 yaktaurs
  A tengu conjurer (Vaults:1)
  A yaktaur skeleton (Vaults:3)
  24 merfolk
  10 trolls
  24 polar bears
  2 queen bees
  2 queen bees (shapeshifter)
  2 polar bears (shapeshifter) (WizLab)
  3 meliai (D:14)
  8 wind drakes
  2 meliai (shapeshifter)
  A blink frog (shapeshifter) (Depths:1)
  24 blink frogs
  77 slime creatures
  4 tyrant leeches (Lair:6)
  A hornet (shapeshifter) (Vaults:1)
  13 hornets
  A fire giant simulacrum (Vaults:2)
  2 raiju (shapeshifter)
  9 hippogriffs
  13 dream sheep
  An ettin zombie (Vaults:4)
  5 snapping turtles
  2 air elementals
  A vampire (D:12)
  6 wyverns
  A hog (D:13)
  5 wraiths
  5 basilisks
  13 water elementals
  89 yaks
  16 humans (D:13)
  2 hungry ghosts
  7 golden eyes
  3 yaks (shapeshifter)
  A basilisk (shapeshifter) (WizLab)
  A yaktaur simulacrum (Vaults:3)
  2 vampire mosquitoes (D:15)
  A hog (shapeshifter) (WizLab)
  57 nagas
  2 steam dragons (Lair:6)
  7 wargs
  A soldier ant (D:14)
  3 large abominations
  Duvessa (D:5)
  7 acid dragons
  An acid dragon (shapeshifter) (WizLab)
  24 water moccasins
  5 floating eyes
  11 porcupines
  55 orc warriors
  3 sky beasts
  An ettin simulacrum (Vaults:3)
  3 eyes of draining
  2 phantoms
  A black bear (shapeshifter) (WizLab)
  8 black bears (Lair:2)
  6 ice beasts
  A necrophage (D:9)
  An eye of draining (shapeshifter) (WizLab)
  2 human skeletons (Vaults:3)
  30 ogres
  A boggart (Vaults:2)
  19 wolves
  12 crocodiles
  24 centaurs
  4 big kobolds
  2 earth elementals
  16 bullfrogs
  A glowing shapeshifter simulacrum (Vaults:4)
  An ogre simulacrum (Vaults:1)
  2 water moccasin zombies
  Dowan (D:5)
  6 small abominations (WizLab)
  3 scorpions
  51 killer bees
  12 wights
  3 howler monkeys
  7 crimson imps
  A quasit (D:5)
  2 bullfrog zombies
  28 orc priests
  5 centaur skeletons
  6 hounds
  2 jellies
  2 bullfrog skeletons
  7 iguanas
  Ijyb (D:5)
  Terence (D:3)
  Natasha (thrice) (D:3)
  33 orc wizards
  10 worker ants
  2 hound skeletons
  24 adders
  4 gnolls (D:6)
  A river rat (D:5)
  2 shadow imps
  An adder zombie (D:6)
  An adder skeleton (D:3)
  4 worms
  8 leopard geckos
  125 orcs
  4 giant cockroaches
  8 goblins
  2 hobgoblins (D:3)
  17 jackals
  5 quokkas
  4 ball pythons
  4 bats
  8 frilled lizards
  30 kobolds
  A leopard gecko skeleton (D:6)
  6 rats
  A fungus (Lair:1)
  4 plants
2172 creatures vanquished.

Vanquished Creatures (collateral kills)
  2 acid blobs (Slime:5)
  A fire giant (Depths:3)
  2 very ugly things (WizLab)
  A deep elf death mage (Elf:3)
  An ice dragon (Depths:2)
  A rakshasa (Depths:2)
  A dancing weapon (Elf:2)
  A deep elf knight (Elf:3)
  A glowing orange brain (Depths:2)
  A wizard (Depths:2)
  A deep elf archer (Elf:3)
  2 ugly things (WizLab)
  6 large abominations (WizLab)
  5 water elementals
  A warg (Orc:2)
  An earth elemental (Elf:3)
  An orc priest (Orc:2)
29 creatures vanquished.

Vanquished Creatures (others)
  A water elemental (Elf:1)
  3 humans (D:13)
  A golden eye (Slime:5)
  An orc (D:13)
  2 kobolds (D:13)
  5 bushes
  28 fungi
  53 plants
94 creatures vanquished.

Grand Total: 2295 creatures vanquished

Notes
Turn   | Place    | Note
-------+----------+-------------------------------------------
     0 | D:1      | IronSnek the Naga Wizard began the quest for the Orb.
     0 | D:1      | Reached XP level 1. HP: 15/15 MP: 4/4
   351 | D:1      | Reached XP level 2. HP: 22/22 MP: 4/6
   828 | D:1      | Learned a level 2 spell: Blink
  1028 | D:2      | Reached XP level 3. HP: 18/28 MP: 0/7
  1431 | D:2      | Learned a level 3 spell: Conjure Flame
  1890 | D:3      | Reached XP level 4. HP: 11/36 MP: 0/9
  2275 | D:3      | Noticed Natasha
  2507 | D:3      | Noticed a fire elemental
  2672 | D:3      | Killed Natasha
  2672 | D:3      | Reached XP level 5. HP: 24/42 MP: 1/10
  2824 | D:3      | Noticed Natasha
  2830 | D:3      | Killed Natasha
  2830 | D:3      | Reached skill level 5 in Stealth
  2867 | D:3      | Found a stormy altar of Qazlal.
  2873 | D:3      | Noticed a water elemental
  2873 | D:3      | Noticed an air elemental
  2895 | D:3      | Noticed Terence
  2913 | D:3      | Noticed Natasha
  2922 | D:3      | Killed Natasha
  2925 | D:3      | Killed Terence
  3072 | D:3      | Learned a level 3 spell: Mephitic Cloud
  3640 | D:4      | Reached XP level 6. HP: 49/49 MP: 8/12
  3905 | D:4      | Reached skill level 1 in Poison Magic
  4337 | D:4      | Reached skill level 1 in Air Magic
  4476 | D:4      | Reached XP level 7. HP: 45/55 MP: 2/13
  4883 | D:5      | Entered Level 5 of the Dungeon
  4883 | D:5      | Found a glowing drain.
  4936 | Sewer    | Entered a sewer
  5494 | Sewer    | Reached skill level 1 in Fire Magic
  6558 | D:5      | Got a transparent war axe
  6559 | D:5      | Identified the +0 war axe of Untruth {freeze, *Corrode rF+
                  | Str+7} (You found it on level 5 of the Dungeon)
  6620 | D:5      | Found Nuetant's Gadget Shop.
  6715 | D:5      | Noticed Dowan
  6804 | D:5      | Noticed Ijyb
  6817 | D:5      | Killed Ijyb
  6920 | D:5      | Noticed Duvessa
  6927 | D:5      | Reached XP level 8. HP: 62/62 MP: 8/15
  6930 | D:5      | Killed Duvessa
  6930 | D:5      | Reached skill level 5 in Spellcasting
  6930 | D:5      | Reached skill level 5 in Conjurations
  6980 | D:5      | Reached skill level 1 in Shields
  7347 | D:5      | Killed Dowan
  8026 | D:6      | Found a staircase to the Ecumenical Temple.
  8039 | Temple   | Entered the Ecumenical Temple
  8052 | Temple   | Became a worshipper of Cheibriados the Contemplative
  8240 | D:6      | Reached XP level 9. HP: 68/68 MP: 10/17
  8648 | D:6      | Got a translucent ring mail
  8649 | D:6      | Identified the +2 ring mail "Uwaske" {-Cast +Fly rN+ Str+8}
                  | (You found it on level 6 of the Dungeon)
  9044 | D:7      | Reached * piety under Cheibriados
  9079 | D:7      | Noticed an eight-headed hydra
  9329 | D:8      | Noticed a two-headed ogre
  9345 | D:8      | Killed a two-headed ogre
  9345 | D:8      | Reached skill level 10 in Stealth
  9600 | D:8      | Reached ** piety under Cheibriados
  9966 | D:8      | Noticed Psyche
  9976 | D:8      | Killed Psyche
  9976 | D:8      | Reached skill level 1 in Fighting
  9976 | D:8      | Reached skill level 1 in Armour
  9976 | D:8      | Reached XP level 10. HP: 70/78 MP: 11/20
 10145 | D:8      | Noticed a two-headed ogre
 10156 | D:8      | Killed a two-headed ogre
 10156 | D:8      | Reached skill level 2 in Fighting
 10752 | D:7      | Noticed a two-headed ogre
 10763 | D:7      | Killed a two-headed ogre
 10763 | D:7      | Reached skill level 3 in Fighting
 11519 | D:9      | Reached skill level 1 in Invocations
 11540 | D:9      | Reached *** piety under Cheibriados
 11652 | D:9      | Found a glowing silver altar of Zin.
 11777 | D:9      | Noticed Erica
 11781 | D:9      | Reached skill level 4 in Fighting
 12442 | D:9      | Killed Erica
 12649 | D:10     | Entered Level 10 of the Dungeon
 12655 | D:10     | Noticed an unseen horror
 12748 | D:10     | Reached XP level 11. HP: 88/93 MP: 12/21
 12773 | D:10     | Reached skill level 5 in Fighting
 13374 | D:10     | Killed an unseen horror
 13384 | D:10     | Noticed a two-headed ogre
 13433 | D:10     | Killed a two-headed ogre
 13433 | D:10     | Reached **** piety under Cheibriados
 13476 | D:10     | Reached skill level 6 in Fighting
 13476 | D:10     | Reached skill level 5 in Armour
 13476 | D:10     | Reached skill level 5 in Invocations
 13768 | D:10     | Noticed a catoblepas
 15061 | D:10     | Reached ***** piety under Cheibriados
 15417 | D:10     | Killed a catoblepas
 16163 | D:11     | Noticed a cyclops
 16181 | D:11     | Killed a cyclops
 16193 | D:11     | Found a frozen archway.
 16211 | D:11     | Reached skill level 7 in Fighting
 16293 | IceCv    | Entered an ice cave
 16341 | IceCv    | Reached XP level 12. HP: 103/109 MP: 20/23
 16462 | IceCv    | Reached skill level 1 in Short Blades
 17244 | IceCv    | Learned a level 5 spell: Bolt of Draining
 17690 | IceCv    | Reached ****** piety under Cheibriados
 17701 | IceCv    | Reached skill level 1 in Necromancy
 17713 | IceCv    | Reached skill level 8 in Fighting
 17758 | IceCv    | Noticed a death yak
 17758 | IceCv    | Noticed a frost giant
 17758 | IceCv    | Noticed a death yak
 17761 | IceCv    | Killed a death yak
 17764 | IceCv    | Killed a frost giant
 17766 | IceCv    | Killed a death yak
 17900 | IceCv    | Identified the Guide on Cold
 18452 | D:11     | Gained mutation: You can use your snake-like lower body to
                  | constrict enemies. [Naga growth]
 18452 | D:11     | Reached XP level 13. HP: 112/118 MP: 21/25
 19058 | D:11     | Learned a level 2 spell: Sublimation of Blood
 19059 | D:11     | Found a staircase to the Lair.
 19155 | D:11     | Learned a level 5 spell: Dispel Undead
 19730 | D:12     | Found a staircase to the Orcish Mines.
 20726 | D:7      | Reached skill level 9 in Fighting
 20983 | Lair:1   | Entered Level 1 of the Lair of Beasts
 21324 | Lair:1   | Noticed Sonja
 21347 | Lair:1   | Killed Sonja
 21347 | Lair:1   | Reached skill level 5 in Necromancy
 21650 | Lair:1   | Noticed Gastronok
 21669 | Lair:1   | Killed Gastronok
 21747 | Lair:1   | Noticed Nergalle
 21754 | Lair:1   | Killed Nergalle
 23292 | Lair:2   | Reached skill level 10 in Spellcasting
 23801 | Lair:3   | Reached XP level 14. HP: 130/130 MP: 28/28
 23847 | Lair:3   | Reached skill level 10 in Fighting
 23992 | Lair:3   | Found a staircase to the Snake Pit.
 24306 | Lair:3   | Found a staircase to the Shoals.
 24670 | Lair:4   | Reached skill level 10 in Conjurations
 24755 | Lair:4   | Reached skill level 15 in Stealth
 25080 | Lair:4   | Got an encrusted trident
 25347 | Lair:4   | Identified the +10 trident of Humiota {pierce, *Slow Int+3
                  | Stlth+} (You found it on level 4 of the Lair of Beasts)
 25717 | Lair:5   | Found a runed door.
 25717 | Lair:5   | Found a shimmering altar of Xom.
 25717 | Lair:5   | Noticed Meonost's ghost (journeyman FoFi)
 25892 | Lair:5   | Reached skill level 11 in Fighting
 26511 | Lair:5   | Learned a level 3 spell: Regeneration
 26739 | Lair:6   | Entered Level 6 of the Lair of Beasts
 26978 | Lair:6   | Reached skill level 1 in Charms
 27600 | Lair:6   | Found a viscous altar of Jiyva.
 27601 | Lair:6   | Found a staircase to the Slime Pits.
 27658 | Lair:6   | Reached XP level 15. HP: 142/142 MP: 27/29
 28065 | Lair:6   | Paralysed by a hornet for 1 turns
 28351 | Lair:6   | Got a warped brass ring
 28457 | Lair:6   | Found a runed door.
 29096 | Lair:6   | Identified the ring of Hamuadubeqi {Dex+4 Stlth+} (You
                  | found it on level 6 of the Lair of Beasts)
 29241 | Orc:1    | Entered Level 1 of the Orcish Mines
 29554 | Orc:2    | Entered Level 2 of the Orcish Mines
 29558 | Orc:2    | Found Fanuyc's Jewellery Shop.
 29638 | Orc:2    | Found Faqaqaim's Book Shop.
 29644 | Orc:2    | Found Vytax's Magic Scroll Boutique.
 29652 | Orc:2    | Bought a scroll of immolation for 59 gold pieces
 29698 | Orc:2    | Found a bloodstained altar of Trog.
 29961 | Orc:2    | Found a staircase to the Elven Halls.
 29961 | Orc:2    | Found Tet Woimn's Weapon Boutique.
 29979 | Orc:2    | Found a roughly hewn altar of Beogh.
 30088 | Orc:2    | Reached skill level 5 in Dodging
 30089 | Orc:2    | Reached skill level 12 in Fighting
 30090 | Orc:2    | Noticed an orc warlord
 30107 | Orc:2    | Killed an orc warlord
 30313 | Orc:2    | Found a roughly hewn altar of Beogh.
 30314 | Orc:2    | Found Suskiphe's Weapon Shop.
 30370 | Orc:2    | Found Ysidee's Antique Weapon Shoppe.
 30371 | Orc:2    | Found a roughly hewn altar of Beogh.
 30381 | Orc:2    | Found Deutio Ifex's Antique Armour Emporium.
 30556 | Orc:2    | Found a gateway to a bazaar.
 30691 | Bazaar   | Entered a bazaar
 30716 | Bazaar   | Found Tisk's Book Boutique.
 30732 | Bazaar   | Found Lali's Magic Scroll Emporium.
 30784 | Bazaar   | Found Ycipsoun's Weapon Boutique.
 30808 | Bazaar   | Found Digeirr's Antique Weapon Shoppe.
 30881 | Bazaar   | Found Leapnon's Antique Armour Shoppe.
 30924 | Bazaar   | Bought a book of Summonings for 630 gold pieces
 30924 | Bazaar   | Bought a book of Enchantments for 450 gold pieces
 30938 | Bazaar   | Bought a scroll of teleportation for 33 gold pieces
 30938 | Bazaar   | Bought a scroll of teleportation for 33 gold pieces
 30938 | Bazaar   | Bought a scroll of teleportation for 33 gold pieces
 30938 | Bazaar   | Bought a scroll of teleportation for 33 gold pieces
 30938 | Bazaar   | Bought a scroll of teleportation for 33 gold pieces
 30938 | Bazaar   | Bought a scroll of magic mapping for 38 gold pieces
 30938 | Bazaar   | Bought a scroll of magic mapping for 38 gold pieces
 30938 | Bazaar   | Bought a scroll of identify for 22 gold pieces
 31018 | Bazaar   | Bought a smoking scale mail for 315 gold pieces
 31058 | Orc:2    | Identified the cursed +1 scale mail of the Cockatrice
                  | {Dex+7} (You bought it in a shop in a bazaar)
 31200 | Orc:1    | Found Fukirawk's Jewellery Shoppe.
 31413 | D:13     | Noticed Kirke
 31426 | D:13     | Killed Kirke
 31972 | D:13     | Found a gate to the Vaults.
 32200 | D:13     | Noticed Frances
 32205 | D:13     | Killed Frances
 32205 | D:13     | Reached XP level 16. HP: 154/154 MP: 31/31
 33043 | D:14     | Found a runed door.
 33043 | D:14     | Noticed Kristarius's ghost (journeyman GrEE)
 33142 | D:14     | Reached skill level 13 in Fighting
 33462 | D:15     | Entered Level 15 of the Dungeon
 33743 | D:15     | Found a staircase to the Depths.
 34344 | D:15     | Identified Roxanne's Reference Book on Earth
 34344 | D:15     | Noticed Roxanne
 34738 | Snake:1  | Entered Level 1 of the Snake Pit
 34996 | Lair:3   | Learned a level 5 spell: Silence
 35003 | Lair:3   | Learned a level 6 spell: Deflect Missiles
 35009 | Lair:3   | Learned a level 5 spell: Summon Mana Viper
 35803 | Snake:2  | Reached XP level 17. HP: 163/165 MP: 26/33
 36028 | Snake:2  | Reached skill level 14 in Fighting
 36036 | Snake:2  | Reached skill level 5 in Charms
 36492 | Snake:2  | Reached skill level 5 in Air Magic
 36565 | Snake:2  | Noticed Piabrimm's ghost (adept OgTm)
 36571 | Snake:2  | Found a transporter.
 36588 | Snake:2  | Found a transporter.
 36706 | Snake:3  | Noticed Vashnia
 36768 | Shoals:1 | Entered Level 1 of the Shoals
 37208 | Shoals:1 | Got a scintillating bronze ring
 37211 | Shoals:1 | Identified the ring of Temptation {rPois MR+ MP+9 Str-5
                  | Int+2} (You found it on level 1 of the Shoals)
 37654 | Shoals:2 | You fall through a shaft!
 38042 | Shoals:2 | Noticed Ilsuiw
 38053 | Shoals:2 | Killed Ilsuiw
 38212 | Shoals:2 | Reached XP level 18. HP: 173/176 MP: 35/35
 38495 | Shoals:2 | Reached XP level 19. HP: 176/183 MP: 28/36
 39550 | Shoals:3 | Found Forheg's Antique Armour Shop.
 39922 | Shoals:4 | Entered Level 4 of the Shoals
 40287 | Shoals:4 | Got a barnacled rune of Zot
 40618 | Shoals:4 | Found a runed door.
 41126 | Shoals:4 | Reached skill level 5 in Summonings
 41265 | Shoals:4 | Reached skill level 15 in Fighting
 41269 | Shoals:4 | Reached skill level 10 in Dodging
 41923 | Elf:1    | Entered Level 1 of the Elven Halls
 42117 | Elf:1    | Found Boarefat's Mass Market.
 43021 | Elf:1    | Found Wolixoce's Assorted Antiques.
 43035 | Elf:1    | Bought a potion of heal wounds for 140 gold pieces
 43141 | Elf:1    | Got a shimmering bone ring
 43249 | Elf:2    | Found a deep blue altar of Sif Muna.
 43264 | Elf:2    | Identified the ring of Fatigue {rN+ Slay+6} (You found it
                  | on level 1 of the Elven Halls)
 43315 | Elf:2    | Found Ixuintop's Gadget Boutique.
 43343 | Elf:2    | Reached XP level 20. HP: 193/195 MP: 30/38
 43391 | Elf:2    | Found a magical portal.
 43403 | WizLab   | Entered Cigotuvi's Fleshworks
 43444 | WizLab   | Reached skill level 5 in Shields
 43715 | WizLab   | Identified the Grimoire of Shape Shifting
 43723 | WizLab   | Identified the Almanac of Shape Shifting
 43726 | WizLab   | Identified Cigotuvi's Collected Works on Stolen Souls
 43976 | WizLab   | Learned a level 5 spell: Borgnjor's Vile Clutch
 44164 | WizLab   | Reached skill level 1 in Earth Magic
 44190 | WizLab   | Got a coiled brass amulet
 44232 | WizLab   | Reached skill level 16 in Fighting
 44471 | Elf:2    | Identified the amulet "Uqienweaz" {Reflect *Slow Str+3
                  | Int+4 SH+5} (You found it in a wizard's laboratory)
 44765 | Elf:2    | Found a runed gate.
 44765 | Elf:2    | Found a runed gate.
 44765 | Elf:2    | Found a runed gate.
 44870 | Elf:3    | Entered Level 3 of the Elven Halls
 44881 | Elf:3    | Found Oqemah's Antique Weapon Emporium.
 44937 | Elf:3    | Found Hariw's Distillery.
 44949 | Elf:3    | Bought a potion of heal wounds for 95 gold pieces
 44949 | Elf:3    | Found Haomu's Antique Armour Shop.
 45097 | Elf:3    | Reached skill level 15 in Spellcasting
 45367 | Elf:3    | Found Aduvicse's General Store.
 45376 | Elf:3    | Bought a scroll of identify for 28 gold pieces
 46282 | Elf:3    | Identified the +9 hand axe of Ozxoga {chop, rPois MR+ Str-5
                  | SInv}
 46725 | Elf:3    | Identified the cursed +1 spear of Limuaw {pierce, rElec
                  | rPois Dex-4 Stlth+}
 47098 | Elf:3    | Identified the +9 spear "Bousaum" {antimagic, rN+ MP+9}
 47245 | Elf:3    | Identified Sif Muna's Catalogue of Creative Stones
 47249 | Elf:3    | Identified the Grimoire of Burning Shape Shifting
 47399 | Elf:1    | Bought a +0 large shield of protection for 138 gold pieces
 47544 | Vaults:1 | Entered Level 1 of the Vaults
 47565 | Vaults:1 | Reached XP level 21. HP: 206/206 MP: 40/40
 48367 | Vaults:1 | Got a brightly glowing hat
 48368 | Vaults:1 | Identified the cursed +0 hat of the Zebra {rElec Int+2}
                  | (You found it on level 1 of the Vaults)
 48376 | Vaults:1 | Found a radiant altar of Vehumet.
 49014 | Vaults:1 | Reached skill level 17 in Fighting
 49232 | Vaults:1 | Identified the +3 war axe of Douheugh {drain, -Tele rF+
                  | rN++}
 50332 | Vaults:2 | Found a staircase to the Crypt.
 50352 | Vaults:2 | Found Lyelel's General Store.
 50358 | Vaults:2 | Bought a scroll of acquirement for 676 gold pieces
 50446 | Vaults:2 | Found Qohinen's Food Shop.
 50576 | Vaults:2 | Found Zeqyud's Distillery.
 50589 | Vaults:2 | Bought a potion of heal wounds for 70 gold pieces
 50651 | Vaults:2 | Found Purr's Armour Shoppe.
 51572 | Vaults:2 | Reached skill level 10 in Shields
 51764 | Vaults:3 | Reached skill level 18 in Fighting
 51864 | Vaults:3 | Noticed Margery
 51874 | Vaults:3 | Killed Margery
 52130 | Vaults:3 | Reached XP level 22. HP: 197/222 MP: 42/42
 52559 | Vaults:3 | Noticed Saint Roka
 52573 | Vaults:3 | Killed Saint Roka
 53235 | Vaults:3 | Reached skill level 19 in Fighting
 54932 | Vaults:4 | Reached XP level 23. HP: 221/235 MP: 33/44
 55068 | Vaults:4 | Noticed Mara
 55078 | Vaults:4 | Noticed IronSnek's illusion
 55110 | Vaults:4 | Killed Mara
 55519 | Vaults:4 | Noticed Xtahua
 55525 | Vaults:4 | Killed Xtahua
 56333 | Snake:3  | Killed Vashnia
 56685 | Snake:3  | Reached skill level 10 in Invocations
 57090 | Snake:3  | Reached skill level 20 in Fighting
 57140 | Snake:3  | Noticed Asterion
 57147 | Snake:3  | Killed Asterion
 57835 | Snake:4  | Entered Level 4 of the Snake Pit
 59302 | Snake:4  | Reached XP level 24. HP: 180/244 MP: 14/44
 59584 | Snake:4  | Got a serpentine rune of Zot
 59788 | Slime:1  | Entered Level 1 of the Pits of Slime
 60497 | Slime:5  | Entered Level 5 of the Pits of Slime
 60648 | Slime:4  | Learned a level 6 spell: Iron Shot
 61152 | Slime:5  | Gained mutation: You are weak. (Str -2) [a shining eye]
 61435 | Slime:5  | Noticed the Royal Jelly
 61862 | Slime:5  | Found a viscous altar of Jiyva.
 62162 | Slime:5  | Killed the Royal Jelly
 62162 | Slime:5  | Reached skill level 5 in Earth Magic
 62434 | Slime:5  | Got a slimy rune of Zot
 62508 | Slime:5  | Identified the Papyrus of the Virous Volcanoes
 62625 | Slime:5  | Got a crystal trident
 62626 | Slime:5  | Identified the +10 trident of Sulphur {pierce, Int+7 Dex-5
                  | Stlth+} (You found it on level 5 of the Pits of Slime)
 62657 | Slime:5  | Learned a level 7 spell: Spellforged Servitor
 62666 | Slime:5  | Learned a level 7 spell: Orb of Destruction
 62924 | Depths:1 | Entered Level 1 of the Depths
 63054 | Depths:1 | Found a gateway to Hell.
 63414 | Depths:1 | Got an ancient plate armour
 63416 | Depths:1 | Identified the +1 plate armour of Ighasegi {rCorr Str+3
                  | Slay-3} (You found it on level 1 of the Depths)
 63834 | Depths:1 | Found a one-way gate to the infinite horrors of the Abyss.
 63835 | Depths:1 | Found a one-way gate leading to the halls of Pandemonium.
 64864 | Depths:2 | Found a runed door.
 64924 | Depths:2 | Reached XP level 25. HP: 252/252 MP: 44/45
 64936 | Depths:2 | Got a smoking leather armour
 64937 | Depths:2 | Identified the cursed +1 leather armour "Sure" {rElec MR+
                  | Str-3 Int+5} (You found it on level 2 of the Depths)
 65123 | Orc:2    | Bought a runed cloak for 225 gold pieces
 65450 | Depths:3 | Noticed Sojobo
 65664 | Depths:3 | Killed Sojobo
 66127 | Depths:3 | Reached skill level 15 in Shields
 66559 | Depths:3 | Noticed a juggernaut
 66576 | Depths:3 | Killed a juggernaut
 66845 | Depths:3 | Reached skill level 21 in Fighting
 66952 | Depths:3 | Noticed an ancient lich
 67602 | Depths:3 | Paralysed by a floating eye for 4 turns
 67606 | Depths:3 | Identified the +7 dagger of Contradiction {pierce, *Corrode
                  | Str+5 Dex+2 SInv}
 67608 | Depths:3 | Killed an ancient lich
 67618 | Depths:3 | HP: 10/254 [golden dragon/bolt of fire (44)]
 67618 | Depths:3 | Killed from afar by a hell knight

Vault maps used:
D:1:      dpeg_arrival_tiny_b
D:3:      nicolae_qazlal_style_of_elements, uniq_terence, uniq_natasha
D:4:      eino_tiny_chamber
D:5:      portal_sewer_entry_a, serial_shops, shop, first_ration,
          minmay_diced_spiral, uniq_ijyb, uniq_duvessa
D:6:      minmay_temple_entry_sparse_star
D:7:      minmay_microvault
D:8:      uniq_psyche
D:9:      zin_scriptorium, uniq_erica
D:10:     david_nohive_1, eino_curves_01
D:11:     minmay_lair_entry_grove, portal_ice_cave_entry_pillars_2,
          kb_lookout_dungeons_type
D:12:     orc_0_dummy
D:13:     grunt_vaults_entry_tiered, uniq_kirke, uniq_frances
D:14:     gammafunk_ghost_grave, special_room, feat_on_display
D:15:     hangedman_depths_entry_civil_slaughter, grunt_decor_fettered,
          uniq_roxanne
Temple:   nicolae_temple_the_god_donut
Lair:1:   cheibrodos_lair_reptile_den, uniq_gastronok, uniq_nergalle, uniq_sonja
Lair:2:   beast_lair_carwin_large_4, serial_rivers,
          chequers_serial_rivers_micro_e, chequers_serial_rivers_small_b,
          chequers_serial_rivers_room_a, chequers_serial_rivers_small_b,
          chequers_serial_rivers_large_a, chequers_serial_rivers_small_a
Lair:3:   shoals_dummy_entry, minmay_snake_entry_six_corridors,
          chequers_serial_rivers_room_a
Lair:4:   grunt_megastairs_3
Lair:5:   ebering_ghost_xom
Lair:6:   guppyfry_lair_end_dragon, wormcave, slime_altar_1, grunt_megastairs_1
Shoals:2: nicolae_shoals_water_shrine, uniq_ilsuiw
Shoals:3: argonaut_golden_fleece, serial_shops, nicolae_shop_stone
Shoals:4: shoals_end_simple, lightli_airlock
Snake:1:  special_room
Snake:2:  gammafunk_ghost_arena
Snake:3:  uniq_asterion, uniq_vashnia
Snake:4:  grunt_snake_rune_serpentine_throne
Slime:2:  cheibrodos_slime_lost_civilization_5
Slime:3:  nicolae_slime_barrier
Slime:4:  basic_altar
Orc:1:    serial_shops, shop
Orc:2:    grunt_orc_community_town_hall, grunt_orc_community_big_house_1,
          grunt_orc_community_big_house_1, grunt_orc_community_house_3,
          grunt_orc_community_house_2, grunt_orc_community_house_2,
          grunt_orc_community_house_1, grunt_orc_community_house_2,
          serial_shops, statue_bzr, shop, shop, nicolae_shop_waterfront,
          shop_statue, basic_altar
Elf:1:    eino_elf_arrival_shootout, serial_shops,
          nicolae_shop_overgrown_old_shop, kennysheep_underground_church,
          minmay_shop_mass, nicolae_elf_w_pinch, minivault_26
Elf:2:    basic_altar, mu_enter_wizlab_4, serial_shops, shop,
          ebering_dispersal_statue_hall
Elf:3:    grunt_elf_hall_asides, serial_shops, shop, nicolae_shop_behind_doors,
          shop_statue, shop, serial_co_window_serial, co_window_paths_b,
          co_window_paths_b, co_window_paths_b, co_window_paths_b,
          co_window_paths_a, co_window_corner_ca, co_window_paths_c,
          co_window_unsneaky_path_c, co_window_corner_b, co_window_corner_b,
          co_window_2corner, glass_columns_a, glass_columns_c
Vaults:1: grunt_tower_of_power, hangedman_vaults_cutoff, ontoclasm_vaults_spin,
          nicolae_vaults_circle_grid_a, hangedman_vaults_stretched_pinwheel,
          v_misc_28, v_alt_pattern_4, hangedman_vaults_stagger,
          nicolae_vaults_theta, v_misc_1, ontoclasm_vaults_idyll,
          vaults_dpeg_hooks, ontoclasm_vaults_gateway,
          nicolae_vaults_yaktaur_gun_rack, ontoclasm_vaults_twist
Vaults:2: ontoclasm_vaults_ring_small, ontoclasm_vaults_ring_large,
          nicolae_vaults_little_squares_5, nicolae_vaults_diagonal_hallway_7,
          hangedman_vaults_slice, v_misc_22, vaults_room_guarded_vault,
          vaults_room_pool, nicolae_vaults_little_squares_2, v_misc_10,
          vaults_room_pools, minmay_crypt_entry_simple_box,
          nicolae_vaults_rhombus_6, serial_shops, shop_fountains, shop, shop,
          shop
Vaults:3: hangedman_vaults_stream, hangedman_vaults_slither,
          ontoclasm_vaults_eye, hangedman_vaults_corner, v_misc_24,
          vaults_room_grid, vaults_mumra_hex, nicolae_vaults_mini_display_case,
          v_misc_15, uniq_saint_roka, uniq_margery
Vaults:4: nicolae_vaults_circle_grid_b, vaults_room_semicircle,
          vaults_dpeg_ring, v_rooms_2, v_misc_4, v_misc_17, v_rooms_3,
          ontoclasm_vaults_hangar, vaults_room_large_hall,
          nicolae_vaults_minivaults, vaults_mumra_lcd,
          nicolae_vaults_angled_halls, nicolae_vaults_windows_and_doors_thing,
          ontoclasm_vaults_loading_screen, uniq_xtahua, uniq_mara
Depths:1: rand_demon_pan_entry_9, kennysheep_cross_room, hell_entry,
          abyss_entry, st_stairs_12, roderic_lattice_a, lemuel_flamethrower_2,
          serial_bayou_shore_a
Depths:2: minmay_the_grid_triangle_9x9_recursive_3, minmay_stone_trees_small,
          hell_entry
Depths:3: grunt_runaround, hell_entry, pan_entry, uniq_sojobo
Bazaar:   bazaar_jpeg_circle_rare_5
Sewer:    sewer_co_scattered_pipes
IceCv:    ice_cave_caverns_01
WizLab:   wizlab_cigotuvi

Skill      XL: |  1  2  3  4  5  6  7  8  9 10 11 12 13 14 15 16 17 18 19 20 21 22 23 24 25 |
---------------+----------------------------------------------------------------------------+-----
Stealth        | 4 5 6 7 8 11 12 14 16 17 | 17.8
Conjurations   | 2 3 4 5 7 8 9 10 11 | 11.8
Spellcasting   | 4 5 7 8 10 11 12 13 14 15 16 17 18 | 18.5
Poison Magic   | 2 3 4 |  4.0
Air Magic      | 1 2 3 7 8 |  8.0
Translocations | 2 |  2.0
Fire Magic     | 1 |  1.0
Shields        | 2 4 7 10 12 13 14 15 | 15.0
Fighting       | 1 4 7 8 9 11 12 13 14 15 16 18 19 20 21 | 21.1
Armour         | 1 4 5 7 |  7.0
Invocations    | 3 6 8 9 11 12 | 12.0
Short Blades   | 3 |  3.0
Necromancy     | 3 5 7 8 |  8.0
Dodging        | 3 6 8 9 10 | 10.1
Charms         | 2 4 7 8 |  8.0
Summonings     | 5 7 |  7.8
Earth Magic    | 4 5 8 |  8.0

Action                   |  1- 3 |  4- 6 |  7- 9 | 10-12 | 13-15 | 16-18 | 19-21 | 22-24 | 25-27 || total
-------------------------+-------+-------+-------+-------+-------+-------+-------+-------+-------++-------
Melee: Whip              |     5 |     5 |       |       |       |       |       |       |       ||    10
       Dagger            |       |    25 |   311 |   685 |   869 |   377 |   720 |   411 |       ||  3398
       Constrict         |       |       |       |       |   241 |    75 |   116 |    58 |    10 ||   500
       Trident           |       |       |       |       |       |    12 |       |    45 |    44 ||   101
Throw: Stone             |     2 |       |       |       |       |       |       |       |       ||     2
       Tomahawk          |       |     2 |     1 |     1 |       |       |       |       |       ||     4
       Throwing net      |       |       |       |       |       |       |       |     2 |       ||     2
 Cast: Magic Dart        |    47 |   110 |   223 |   284 |   100 |    18 |    48 |    11 |       ||   841
       Mephitic Cloud    |       |     2 |    15 |    43 |    39 |     6 |     6 |       |       ||   111
       Conjure Flame     |       |       |     9 |    13 |     2 |       |       |       |       ||    24
       Blink             |       |       |     3 |    13 |     2 |       |    15 |    12 |     1 ||    46
       Bolt of Draining  |       |       |       |     3 |   210 |   244 |   415 |   617 |   151 ||  1640
       Dispel Undead     |       |       |       |       |     7 |    12 |    26 |    40 |    22 ||   107
       Sublimation of Bl |       |       |       |       |     1 |    51 |    53 |   125 |    23 ||   253
       Regeneration      |       |       |       |       |     9 |    37 |    48 |    55 |     9 ||   158
       Deflect Missiles  |       |       |       |       |       |     1 |     8 |     3 |     1 ||    13
       Summon Mana Viper |       |       |       |       |       |       |    32 |     6 |     2 ||    40
       Borgnjor's Vile C |       |       |       |       |       |       |    22 |    54 |    18 ||    94
       Silence           |       |       |       |       |       |       |     1 |     3 |       ||     4
       Iron Shot         |       |       |       |       |       |       |       |    12 |       ||    12
       Spellforged Servi |       |       |       |       |       |       |       |     1 |       ||     1
Invok: Slouch            |       |       |       |     5 |    10 |    15 |    19 |    15 |     2 ||    66
 Abil: Spit Poison       |    10 |    18 |    28 |    24 |     1 |       |       |     1 |       ||    82
Evoke: Wand              |       |       |     3 |    11 |     8 |     1 |     1 |       |       ||    24
       Phantom mirror    |       |       |       |       |     1 |       |       |       |       ||     1
  Use: Scroll            |       |     4 |    10 |     5 |    12 |     8 |    10 |    12 |     2 ||    63
       Potion            |       |       |       |       |       |     1 |     1 |     2 |       ||     4
 Stab: Sleeping          |       |     2 |     5 |     6 |    21 |    17 |    46 |    42 |     1 ||   140
       Confused          |       |     1 |     3 |    39 |    58 |    11 |     4 |       |       ||   116
       Distracted        |       |       |     1 |     1 |     3 |     2 |    10 |       |       ||    17
       Paralysed         |       |       |       |     1 |       |       |       |       |       ||     1
  Eat: Ration            |     1 |       |       |     2 |     3 |     2 |     4 |     5 |     1 ||    18
       Chunk             |       |     6 |    17 |    11 |    28 |    13 |    20 |    14 |     1 ||   110
Armor: Robe              |     1 |    21 |    28 |       |       |       |       |       |       ||    50
       Ring mail         |       |       |    84 |   513 |   512 |   260 |   381 |   326 |       ||  2076
       Leather armour    |       |       |       |       |       |       |       |       |    42 ||    42
Dodge: Dodged            |    11 |    26 |    67 |   256 |   384 |   338 |   516 |   469 |    41 ||  2108
       Deflected         |       |       |       |       |       |     5 |    64 |    35 |     4 ||   108
Block: Buckler           |       |       |    21 |   168 |   261 |   156 |   261 |       |       ||   867
       Shield            |       |       |       |       |       |       |    60 |   449 |       ||   509
       Large shield      |       |       |       |       |       |       |    26 |   280 |   114 ||   420
       Reflection        |       |       |       |       |       |       |       |       |     1 ||     1

Table legend:
 A = Non-vault XP
 B = Vault XP
 C = Vault XP percentage of total XP
 D = Non-vault monster count
 E = Vault monster count
 F = Vault count percentage of total count
                 A         B        C        D         E       F
            +---------+---------+-------+---------+---------+-------
      Total |  509201 |  519204 |  50.5 |    1360 |     821 |  37.6
            +---------+---------+-------+---------+---------+-------
        D:1 |      14 |       0 |   0.0 |       9 |       0 |   0.0
        D:2 |      43 |       0 |   0.0 |      10 |       0 |   0.0
        D:3 |     182 |      71 |  28.1 |      25 |       2 |   7.4
        D:4 |     461 |       0 |   0.0 |      25 |       0 |   0.0
        D:5 |     694 |     397 |  36.4 |      24 |       9 |  27.3
        D:6 |     775 |       0 |   0.0 |      26 |       0 |   0.0
        D:7 |    1239 |     915 |  42.5 |      18 |       1 |   5.3
        D:8 |    2896 |     395 |  12.0 |      31 |       1 |   3.1
        D:9 |    1592 |     965 |  37.7 |      21 |       2 |   8.7
       D:10 |    5702 |    1108 |  16.3 |      41 |      14 |  25.5
       D:11 |    2246 |    2659 |  54.2 |      30 |      16 |  34.8
       D:12 |    3431 |       0 |   0.0 |      17 |       0 |   0.0
       D:13 |    5142 |   14379 |  73.7 |      25 |      28 |  52.8
       D:14 |    9404 |    2518 |  21.1 |      36 |      26 |  41.9
       D:15 |   11885 |    4543 |  27.7 |      39 |       6 |  13.3
     Lair:1 |    1976 |    4222 |  68.1 |       9 |       8 |  47.1
     Lair:2 |    2832 |    3414 |  54.7 |      10 |      16 |  61.5
     Lair:3 |    4235 |    1267 |  23.0 |      14 |      13 |  48.1
     Lair:4 |    6935 |    2265 |  24.6 |      30 |      13 |  30.2
     Lair:5 |    8793 |       0 |   0.0 |      30 |       0 |   0.0
     Lair:6 |   15741 |   12238 |  43.7 |      62 |      36 |  36.7
   Shoals:1 |    9072 |       0 |   0.0 |      20 |       0 |   0.0
   Shoals:2 |   13035 |    8251 |  38.8 |      30 |      13 |  30.2
   Shoals:3 |   22471 |     935 |   4.0 |      44 |       1 |   2.2
   Shoals:4 |    9212 |   22957 |  71.4 |      20 |      34 |  63.0
    Snake:1 |   18230 |       0 |   0.0 |      36 |       0 |   0.0
    Snake:2 |   25379 |       0 |   0.0 |      46 |       0 |   0.0
    Snake:3 |   27833 |   11827 |  29.8 |      52 |       7 |  11.9
    Snake:4 |   25490 |   45674 |  64.2 |      50 |      63 |  55.8
    Slime:1 |    3177 |       0 |   0.0 |      10 |       0 |   0.0
    Slime:2 |    4187 |       0 |   0.0 |      10 |       0 |   0.0
    Slime:3 |    1622 |       0 |   0.0 |       3 |       0 |   0.0
    Slime:4 |   13945 |       0 |   0.0 |      25 |       0 |   0.0
    Slime:5 |   24733 |   26399 |  51.6 |      39 |      10 |  20.4
      Orc:1 |    1596 |       0 |   0.0 |      31 |       0 |   0.0
      Orc:2 |    3645 |    6728 |  64.9 |      40 |      61 |  60.4
      Elf:1 |   25524 |    5595 |  18.0 |      41 |       9 |  18.0
      Elf:2 |   20736 |     913 |   4.2 |      30 |       1 |   3.2
      Elf:3 |    9730 |   43506 |  81.7 |      17 |      30 |  63.8
   Vaults:1 |   37454 |   16131 |  30.1 |      66 |      25 |  27.5
   Vaults:2 |    6891 |   18548 |  72.9 |      15 |      23 |  60.5
   Vaults:3 |   19279 |   41177 |  68.1 |      39 |      61 |  61.0
   Vaults:4 |   57814 |   48223 |  45.5 |      98 |      50 |  33.8
   Depths:1 |   10261 |     325 |   3.1 |      16 |       2 |  11.1
   Depths:2 |   30666 |       0 |   0.0 |      46 |       0 |   0.0
   Depths:3 |    1001 |  134302 |  99.3 |       4 |     115 |  96.6
      Sewer |       0 |      56 | 100.0 |       0 |      22 | 100.0
      IceCv |       0 |   13892 | 100.0 |       0 |      56 | 100.0
     WizLab |       0 |   22409 | 100.0 |       0 |      47 | 100.0
            +---------+---------+-------+---------+---------+-------
